 Dungeon Crawl Stone Soup version 0.29.1-15-g9cfb28693d (webtiles) character file.

Game seed: 3729242531581124343

53 Heoruswealwe the Magician (level 3, -3/19 HPs)
             Began as a Deep Elf Earth Elementalist on Apr 13, 2023.
             Was a Follower of Vehumet.
             Slain by Terence
             ... wielding a +2 falchion of protection
              (4 damage)
             ... on level 2 of the Dungeon.
             The game lasted 00:06:53 (841 turns).

Heoruswealwe the Magician (DEEE)                     Turns: 841, Time: 00:06:55

Health: -3/19      AC:  4    Str:  5    XL:     3   Next: 64%
Magic:  6/10       EV: 12    Int: 21    God:    Vehumet [*.....]
Gold:   51         SH:  0    Dex: 15    Spells: 4/10 levels left

rFire   . . .      SeeInvis .   d - +3 dagger
rCold   . . .      Faith    .   (no shield)
rNeg    . . .      Spirit   .   a - +0 robe
rPois   .          Reflect  .   (no helmet)
rElec   .          Harm     .   (no cloak)
rCorr   .          Rampage  .   (no gloves)
Will    .....                   e - +1 pair of boots
Stlth   ++........              (no amulet)
HPRegen 0.06/turn               (no ring)
MPRegen 0.12/turn               (no ring)

@: no status effects
A: no striking features
a: Renounce Religion


You were on level 2 of the Dungeon.
You worshipped Vehumet.
Vehumet was aware of your devotion.
You visited 1 branch of the dungeon, and saw 2 of its levels.

You collected 51 gold pieces.

Inventory:

Hand Weapons
 d - a +3 dagger (weapon)
Armour
 a - a +0 robe (worn)
 e - a +1 pair of boots (worn)
Scrolls
 f - 2 scrolls of teleportation {unknown}
Potions
 b - a potion of magic
 c - a potion of flight {unknown}
 g - a potion of mutation {unknown}
 h - 2 potions of heal wounds {unknown}


   Skills:
 - Level 2.4 Dodging
 - Level 2.4 Stealth
 + Level 4.4 Spellcasting
 - Level 1.1 Transmutations
 + Level 4.3 Earth Magic


You had 4 spell levels left.
You knew the following spells:

 Your Spells              Type           Power      Damage    Failure   Level
a - Sandblast             Erth           44%        2d11      1%          1
b - Stone Arrow           Conj/Erth      26%        3d8       14%         3
z - Passwall              Tmut/Erth      13%        N/A       5%          2

Your spell library contained the following spells:

 Spells                   Type           Power      Damage    Failure   Level
 Magic Dart               Conj           16%        1d3       12%         1
 Petrify                  Tmut/Erth      16%        N/A       36%         4


Dungeon Overview and Level Annotations

Branches:
Dungeon (2/15)

Altars:
Vehumet

Annotations:
D:2 Terence


Message History

You kill the endoplasm!
Vehumet accepts your kill.
You feel your power returning.
You now have 51 gold pieces (gained 6).
You see here a +0 leather armour.
A hobgoblin comes into view.
The hobgoblin shouts!
You hear a shout!
You hear an angry hiss.
You can't see any susceptible monsters within range! (Use Z to cast anyway.) Terence the Incautious comes into view.
He is wielding a +2 falchion of protection.
You can't see any susceptible monsters within range! (Use Z to cast anyway.)
The blast of sand hits the hobgoblin!
You kill the hobgoblin!
Vehumet accepts your kill.
You feel your power returning.
The blast of sand misses Terence.
The blast of sand hits Terence.
Terence is lightly wounded.
The blast of sand hits Terence but does no damage.
Terence is lightly wounded.
An adder comes into view.
Terence hits you with a +2 falchion of protection.
The adder hisses angrily.
Terence attacks as you move away! Terence closely misses you.
Terence bares his teeth.
Terence closely misses you.
The blast of sand hits Terence but does no damage.
Terence is lightly wounded.
Terence shouts, "Get ready for death!"
Terence hits you with a +2 falchion of protection!
Terence hits you with a +2 falchion of protection.
* * * LOW HITPOINT WARNING * * *
Casting: Sandblast (safe; 1% risk of failure)
Confirm with . or Enter, or press ? or * to list all spells.
Aiming: Sandblast (safe; 1% risk of failure)
Press: ? - help, Shift-Dir - straight line, f/p - Terence
Aim: Terence, wielding a +2 falchion of protection and wearing a +0 ring mail (lightly wounded, 85% to hit)
The blast of sand hits Terence.
Terence is moderately wounded.
Terence hits you with a +2 falchion of protection.
You die...

#.........#......
####...#............
....................
........#....#.###..
.#####....##.#.###..
#...###.....#..
#..†###....>...
##########....##.##.....
.......@@S..#....##.....
##########..#..#####....
#........## #.#..
#.........# #.#..
...######.........##....!
#....[........<.....##.
#...####..............#.
#.. ##................ .
#.........#..##.#.


You could see Terence and an adder.

Vanquished Creatures
  An adder (D:2)
  2 bats (D:1)
  3 endoplasms (D:2)
  2 goblins (D:1)
  4 hobgoblins
  9 jackals (D:1)
  5 kobolds (D:1)
  A quokka (D:2)
  5 ball pythons
  4 frilled lizards (D:1)
  4 rats (D:1)
40 creatures vanquished.

Notes
Turn   | Place    | Note
-------+----------+-------------------------------------------
     0 | D:1      | Heoruswealwe the Deep Elf Earth Elementalist began the
                  | quest for the Orb.
     0 | D:1      | Reached XP level 1. HP: 10/10 MP: 6/6
   107 | D:1      | Reached XP level 2. HP: 15/15 MP: 4/8
   110 | D:1      | Learned a level 2 spell: Passwall
   444 | D:1      | Reached XP level 3. HP: 11/19 MP: 0/10
   473 | D:1      | Learned a level 3 spell: Stone Arrow
   681 | D:1      | You fall into a shaft and drop 1 floor!
   736 | D:2      | Found a faded altar of an unknown god.
   740 | D:2      | Prayed at the altar of an unknown god.
   740 | D:2      | Became a worshipper of Vehumet
   740 | D:2      | Reached * piety under Vehumet
   740 | D:2      | Offered knowledge of Magic Dart by Vehumet.
   823 | D:2      | Noticed Terence
   841 | D:2      | Slain by Terence

Illustrated notes

Levels and vault maps discovered:
D:1:      amcnicky_arrival_blooded_trapdoor, layout_basic,
          hangedman_abyss_or_decor_lesser_grid, minmay_tree_intersection
D:2:      layout_rooms, ebering_ecumenical_altar_box, hangedman_decor_slide_cut,
          uniq_natasha, uniq_terence

Skill      XL: |  1  2 |
---------------+-------+-----
Spellcasting   | 4 |  4.4
Earth Magic    | 4 |  4.3
Dodging        | |  2.4
Stealth        | |  2.4
Transmutations | |  1.1

Action                   || total
-------------------------++-------
 Cast: Sandblast         ||    55
Armor: Robe              ||    11
Dodge: Dodged            ||    14
